 Dungeon Crawl Stone Soup version 0.23.2-40-g277498a001 (webtiles) character file.

Game seed: 2143764315333815392

94 OrcJesus the Shield-Bearer (level 4, -2/35 HPs)
             Began as a Demonspawn Fighter on Aug 29, 2019.
             Slain by Natasha (3 damage)
             ... on level 2 of the Dungeon.
             The game lasted 00:02:16 (1059 turns).

OrcJesus the Shield-Bearer (Demonspawn Fighter)     Turns: 1059, Time: 00:02:16

Health: -2/35      AC:  6    Str: 21    XL:     4   Next: 38%
Magic:  4/4        EV: 12    Int: 10    God:
Gold:   112        SH: 10    Dex: 18    Spells: 3/3 levels left

rFire    . . .     SeeInvis .   a - +0 war axe
rCold    . . .     Gourm    .   c - +0 shield
rNeg     . . .     Faith    .   b - +0 scale mail
rPois    .         Spirit   .   (no helmet)
rElec    .         Reflect  .   (no cloak)
rCorr    +         Harm     .   (no gloves)
MR       .....                  (no boots)
Stlth    +.........             (no amulet)
HPRegen  0.11/turn              k - ring of resist corrosion
MPRegen  0.09/turn              (no ring)

@: mighty, agile, lethally poisoned (-2 -> -4), slowed, very slow
A: powered by pain 1
a: no special abilities


You were on level 2 of the Dungeon.
You were not hungry.

You visited 1 branch of the dungeon, and saw 2 of its levels.

You collected 112 gold pieces.

Inventory:

Hand Weapons
 a - a +0 war axe (weapon)
Armour
 b - a +0 scale mail (worn)
 c - a +0 shield (worn)
Jewellery
 k - a ring of resist corrosion (left hand)
Scrolls
 e - 4 scrolls of identify {unknown}
 g - 3 scrolls of remove curse {unknown}
 i - a scroll of enchant weapon {unknown}
 j - a scroll of fear {unknown}
 m - a scroll of enchant armour {unknown}
Comestibles
 f - 3 rations
 h - 4 chunks of flesh


   Skills:
 - Level 3.0 Fighting
 - Level 1.7 Axes
 - Level 2.6 Armour
 + Level 4.8 Shields


You had 3 spell levels left.
You didn't know any spells.
Your spell library was empty.

Dungeon Overview and Level Annotations

Branches:
Dungeon (2/15)

Altars:

Annotations:
D:2 Natasha


Innate Abilities, Weirdness & Mutations

You sometimes gain a little power by taking damage.


Message History

The crimson imp hits you but does no damage.
The crimson imp blinks!
Natasha barely misses you.
The crimson imp lashes its tail.
Natasha claws you.
* * * LOW HITPOINT WARNING * * *
Your shield prevents you from hitting Natasha.
* * * LOW HITPOINT WARNING * * *
You feel sick.
The crimson imp disappears in a puff of smoke!
Natasha wildly gestures.
Natasha's front paws start to glow.
Natasha claws you.
* * * LOW HITPOINT WARNING * * *
You block Natasha's attack.
It was a potion of agility.
You feel agile all of a sudden. Natasha closely misses you.
You feel very mighty all of a sudden. Natasha claws you.
You die...

...# #.# #..##.#
...#
#.####..##.#
...#
#.......##.#
#### ##.
#...##.####.# #
. #.............
#.#.#....####...
#.##.# #.##.#
#@##.#
#....)h55....
##....####.#.
.......
......... .#
.#..#...#. (.
.......... .#
.#.........


You could see Natasha, a crimson imp and a shadow imp.

Vanquished Creatures
  Jessica (D:2)
  Natasha (D:2)
  An adder (D:2)
  2 dart slugs
  A leopard gecko (D:2)
  A ball python (D:1)
  2 bats (D:1)
  A giant cockroach (D:2)
  3 goblins
  5 hobgoblins
  5 jackals (D:2)
  2 kobolds (D:1)
  A frilled lizard (D:1)
  2 rats
28 creatures vanquished.

Notes
Turn   | Place    | Note
-------+----------+-------------------------------------------
     0 | D:1      | OrcJesus the Demonspawn Fighter began the quest for the
                  | Orb.
     0 | D:1      | Reached XP level 1. HP: 18/18 MP: 1/1
    77 | D:1      | Reached skill level 3 in Shields
   178 | D:1      | Gained mutation: You sometimes gain a little power by
                  | taking damage. [demonic ancestry]
   178 | D:1      | Reached XP level 2. HP: 22/24 MP: 2/2
   582 | D:2      | Noticed Natasha
   596 | D:2      | Killed Natasha
   596 | D:2      | Reached skill level 4 in Shields
   596 | D:2      | Reached XP level 3. HP: 6/29 MP: 3/3
   863 | D:2      | Noticed Jessica
   891 | D:2      | Killed Jessica
   891 | D:2      | Reached XP level 4. HP: 26/35 MP: 4/4
  1038 | D:2      | Noticed Natasha
  1057 | D:2      | HP: 1/35 [Natasha (3)]
  1059 | D:2      | Slain by Natasha

Skill      XL: |  1  2 |
---------------+-------+-----
Shields        | 3 4 |  4.8
Fighting       | |  3.0
Axes           | |  1.7
Armour         | |  2.6

Action                   |  1- 3 |  4- 6 || total
-------------------------+-------+-------++-------
Melee: War axe           |    72 |    31 ||   103
  Use: Potion            |       |     2 ||     2
  Eat: Chunk             |       |     1 ||     1
Armor: Scale mail        |    32 |    16 ||    48
Dodge: Dodged            |    31 |    15 ||    46
Block: Shield            |    35 |    21 ||    56
